AoeStats
← Carple

Migration

504634706Analyzed
1v1 RM · 27d ago on Sep 6, 2026· 92m 32s· 2 players
Game mode
Random Map
Map size
132×132
Population
200
Speed
Normal
Resources
Standard
Victory
Conquest
Starting age
Dark Age
Ending age
Imperial Age
RankedLock teamsTeams togetherTeam positionsShared explorationLock speedFull tech treeHidden civsTurbo modeCheats
Victory
Defeat
🇨🇦 Spanish · Canada
1244
+15
🇵🇪 Vikings · Peru
1229
-15
gg.granag
12:27 Feudal Age
13:42 Double-Bit Axe
16:52 Castle Age
15:12 Fletching
16:40 Gold Mining
20:00 Loom
21:27 Bow Saw
23:16 Bodkin Arrow
34:35 Imperial Age
33:21 Ballistics
33:54 Scale Mail Armor
34:05 Forging
34:35 Town Watch
35:43 Conscription
35:55 Squires
35:41 Gambesons
35:41 Arson
35:46 Horse Collar
38:11 Bracer
38:11 Padded Archer Armor
38:47 Iron Casting
38:27 Chain Mail Armor
38:48 Crossbowman
40:46 Chemistry
40:00 Careening
40:05 Masonry
40:44 Arbalester
43:50 Blast Furnace
47:58 Light Cavalry
50:26 Elite Cannon Galleon
52:52 Elite Longship
58:09 Medium Warships
63:35 Bogsveigar
70:04 Pikeman
71:23 Elite Skirmisher
Carple
11:26 Feudal Age
11:14 Loom
11:58 Double-Bit Axe
14:38 Fishing Lines
20:43 Castle Age
20:06 Forging
19:47 Fletching
19:57 Padded Archer Armor
25:39 Imperial Age
23:51 Bow Saw
24:17 Medium Warships
25:04 Clinker Construction
24:59 Bodkin Arrow
27:25 Chemistry
26:49 Horse Collar
28:33 Wheelbarrow
28:24 Pikeman
29:04 Squires
28:50 Gambesons
28:51 Arson
29:03 Stone Mining
29:03 Gold Mining
29:37 Carvel Hull
29:34 Town Watch
30:13 Scale Mail Armor
32:29 Careening
32:43 Ballistics
32:48 Bracer
36:41 Conscription
37:29 Hand Cart
38:10 Husbandry
38:20 Bloodlines
38:30 Cavalier
39:18 Scale Barding Armor
39:49 Iron Casting
39:31 Leather Archer Armor
41:49 Chain Barding Armor
42:30 Blast Furnace
44:08 Plate Barding Armor
45:29 Elite Conquistador
47:34 Ring Archer Armor
47:07 Heavy Plow
48:59 Paladin
49:59 Town Patrol
54:01 Halberdier
62:01 Shipwright
62:02 Dry Dock
62:01 Masonry
62:37 Hoardings
64:59 Chain Mail Armor
73:27 Light Cavalry
74:37 Hussar
85:59 Heavy Warships
84:55 Elite Cannon Galleon
Connection lost

Rejoining the realm…

Still unreachable

The connection could not be restored.

Session expired

The server has moved on; the page needs a fresh start.